 Dungeon Crawl Stone Soup version 0.30.1-4-g462c640d31 (webtiles) character file.

Game seed: 8072673564064274976

12898 Peloso the Carver (level 11, 0/99 HPs)
             Began as a Minotaur Fighter on Sept 13, 2023.
             Was a Believer of Okawaru.
             Slain by a cane toad (14 damage)
             ... on level 1 of the Lair of Beasts.
             The game lasted 00:22:02 (12421 turns).

Peloso the Carver (Minotaur Fighter)               Turns: 12421, Time: 00:22:03

Health: 0/99       AC: 17    Str: 21    XL:     11   Next: 68%
Magic:  10/10      EV:  8    Int:  5    God:    Okawaru [**....]
Gold:   435        SH:  6    Dex: 14    Spells: 10/10 levels left

rFire   . . .        a - +0 scimitar (flame)
rCold   . . .        d - +0 buckler
rNeg    . . .        c - +0 plate armour
rPois   .            (helmet restricted)
rElec   .            (no cloak)
rCorr   .            o - +0 pair of gloves
SInv    .            (no boots)
Will    .....        i - amulet of the acrobat Stlth
                     (no ring)
HPRegen 0.36/turn    (no ring)
MPRegen 0.12/turn

%: acrobat
@: lethally poisoned (0 -> -6)
A: horns 2, retaliatory headbutt
a: Renounce Religion, Heroism


You were on level 1 of the Lair of Beasts.
You worshipped Okawaru.
Okawaru was pleased with you.
You visited 3 branches of the dungeon, and saw 12 of its levels.
You also visited: Sewer.

You collected 646 gold pieces.
You spent 211 gold pieces at shops.

Inventory:

Hand Weapons
 a - a +0 scimitar of flaming (weapon)
 b - a +3 scimitar
Missiles
 B - 2 throwing nets (quivered)
Armour
 c - a +0 plate armour (worn)
 d - a +0 buckler (worn)
 o - a +0 pair of gloves (worn)
Jewellery
 i - an amulet of the acrobat (around neck)
 D - a ring of see invisible
 E - a ring of ice
Wands
 m - a wand of charming (14)
 C - a wand of flame (16)
Scrolls
 f - a scroll of silence
 g - 3 scrolls of identify
 j - a scroll of amnesia
 k - 2 scrolls of enchant armour
 p - 3 scrolls of fear
 t - a scroll of blinking
 v - a scroll of enchant weapon
 y - a scroll of magic mapping
 z - a scroll of noise
 A - a scroll of teleportation
Potions
 e - a potion of brilliance
 h - 2 potions of cancellation
 l - 2 potions of ambrosia
 n - 2 potions of haste
 q - a potion of invisibility {unknown}
 r - 2 potions of curing
 s - a potion of mutation
 u - 3 potions of attraction {unknown}
 x - a potion of berserk rage
Miscellaneous
 w - a lightning rod (4/4)


   Skills:
 + Level 9.8 Fighting
 + Level 13.8 Long Blades
 + Level 13.2 Armour
 + Level 3.4 Dodging
 + Level 1.1 Stealth
 + Level 8.3 Shields
 + Level 0.2 Invocations
 + Level 0.1 Evocations


You had 10 spell levels left.
You didn't know any spells.
Your spell library contained the following spells:

 Spells                   Type           Power      Damage    Failure   Level
 Blink                    Tloc           0%         N/A       100%        2
 Cigotuvi's Dreadful Rot  Necr/Pois/Air  0%         N/A       100%        2
 Lesser Beckoning         Tloc           0%         N/A       100%        2
 Momentum Strike          Conj/Tloc      0%         3d8       100%        2
 Poisonous Vapours        Pois/Air       0%         N/A       100%        2
 Ignite Poison            Fire/Tmut/Pois 0%         N/A       100%        3
 Mephitic Cloud           Conj/Pois/Air  0%         N/A       100%        3
 Ozocubu's Armour         Ice            0%         N/A       100%        3
 Portal Projectile        Hex/Tloc       0%         N/A       100%        3
 Blade Hands              Tmut           0%         N/A       100%        5
 Freezing Cloud           Conj/Ice/Air   0%         6-21      100%        5
 Ozocubu's Refrigeration  Ice            0%         4d7       100%        7
 Tukima's Dance           Hex            Unusable   N/A       N/A         3

Dungeon Overview and Level Annotations

Branches:
Dungeon (10/15)            Temple (1/1) D:6            Lair (1/5) D:9
  Sewer (visited)
    Orc: D:9-12

Altars:
Ashenzari
Cheibriados
Dithmenos
Elyvilon
Fedhas
Gozag
Hepliaklqana
Kikubaaqudgha
Makhleb
Nemelex Xobeh
Okawaru
Qazlal
Ru
Sif Muna
Trog
Vehumet
Wu Jian
Xom
Yredelemnul
Zin
The Shining One

Shops:
D:4 *   D:7 (   D:9 ?

Portals:
Trove: D:10 (give 8 potions of haste)

Annotations:
D:5 Dowan, Duvessa
D:6 3 runed translucent doors, Beaer's ghost, novice DsFi
D:7 3 runed translucent doors


Innate Abilities, Weirdness & Mutations

You have a pair of horns on your head.
You reflexively headbutt those who attack you in melee.


Message History

The yak gores you.
* * * LOW HITPOINT WARNING * * *
Unknown command.
You slash the yak! You burn the yak!
You kill the yak!
Okawaru accepts your kill.
Unknown command.
You slash the yak! You burn the yak.
The yak is severely wounded.
Unknown command.
You slash the yak! You burn the yak.
You kill the yak!
Okawaru accepts your kill.
Unknown command.
You start resting.
You feel like a meek peon again.
You start resting.
Magic restored.
You start resting.
A cane toad comes into view.
The cane toad croaks.
The cane toad stings you.
* * * LOW HITPOINT WARNING * * *
You are poisoned.
The cane toad poisons you! The cane toad barely misses you.
Unknown command.
You slash the cane toad! You burn the cane toad. You headbutt the cane toad.
The cane toad is heavily wounded.
You feel very sick.
Unknown command.
You slash the cane toad! You burn the cane toad.
Your headbutt misses the cane toad.
The cane toad is severely wounded.
You feel sick.
The cane toad stings you but does no damage.
Unknown command.
You hit the cane toad. You burn the cane toad.
The cane toad is almost dead.
You feel sick. The cane toad stings you!
You die...

#...........##.
....#....÷#.....##.
#.........#...###..
#.........##..#P...
##.........##.......
...................
#..................
#...#......P...#P..
#.@.#......#...##..
##..F#.....##.......
#.###..........##..###..
.........#.......... ..
........##...........
...#.....†............
..##....##........... ..
#....#.?...$#.....
........#.....#....#


You could see a cane toad.

Vanquished Creatures
  Harold (D:9)
  A hydra (Lair:1)
  Erolcha (D:9)
  Erica (D:9)
  An elephant (D:8)
  2 cane toads (D:9)
  A torpor snail (Lair:1)
  2 unseen horrors
  Maggie (D:8)
  2 trolls (D:9)
  Grinder (D:3)
  A vampire (D:10)
  A wyvern (Lair:1)
  A wraith (D:9)
  2 steam dragons
  A basilisk (D:8)
  16 yaks
  4 vampire mosquitoes (D:10)
  3 acid dragons
  2 water moccasins
  An ice beast (D:6)
  2 black bears
  2 sky beasts
  4 orc warriors
  2 ogres (D:6)
  A centaur (D:6)
  4 kobold brigands
  2 phantoms
  6 bullfrogs
  2 scorpions
  11 wights
  A howler monkey (D:9)
  A centaur zombie (D:6)
  2 hounds
  A jelly (D:8)
  8 orc priests
  Terence (D:2)
  Natasha (D:4)
  13 orc wizards
  A killer bee zombie (D:6)
  5 adders
  4 gnolls
  2 shadow imps
  A white imp (D:7)
  4 ufetubi
  An adder zombie (Sewer)
  5 worms
  4 dart slugs
  26 orcs
  7 endoplasms
  2 giant cockroaches
  6 goblins
  12 hobgoblins
  6 jackals
  6 quokkas
  9 ball pythons
  11 bats
  A frilled lizard (D:1)
  39 kobolds
  2 kobold zombies (Sewer)
  3 rats
267 creatures vanquished.

Notes
Turn   | Place    | Note
-------+----------+-------------------------------------------
     0 | D:1      | Peloso the Minotaur Fighter began the quest for the Orb.
     0 | D:1      | Reached XP level 1. HP: 19/19 MP: 0/0
   131 | D:1      | Reached XP level 2. HP: 18/27 MP: 1/1
   922 | D:2      | Reached XP level 3. HP: 33/33 MP: 2/2
  1138 | D:2      | Noticed Terence
  1151 | D:2      | Killed Terence
  1152 | D:2      | Reached XP level 4. HP: 20/40 MP: 3/3
  1319 | D:2      | Found a shimmering altar of Xom.
  1845 | D:3      | Found a radiant altar of Vehumet.
  1886 | D:3      | Reached skill level 1 in Dodging
  1886 | D:3      | Reached XP level 5. HP: 27/46 MP: 4/4
  1974 | D:3      | Noticed Grinder
  1987 | D:3      | Paralysed by Grinder for 3 turns
  2006 | D:3      | Killed Grinder
  2007 | D:3      | Reached skill level 5 in Long Blades
  2007 | D:3      | Reached skill level 5 in Armour
  2007 | D:3      | Reached XP level 6. HP: 31/53 MP: 5/5
  2105 | D:3      | Found a stormy altar of Qazlal.
  2319 | D:3      | Found a blossoming altar of Fedhas.
  2321 | D:3      | Found a shadowy altar of Dithmenos.
  2622 | D:3      | Found a shimmering altar of Xom.
  2807 | D:4      | HP: 2/40 [poisoned by a scorpion]
  2812 | D:4      | Reached skill level 5 in Shields
  3068 | D:4      | Found Juat's CLEARANCE SALE!.
  3075 | D:4      | Bought a scroll of identify for 10 gold pieces
  3169 | D:3      | Found a hazy altar of Hepliaklqana.
  3321 | D:4      | Reached XP level 7. HP: 50/53 MP: 6/6
  3704 | D:4      | Noticed Natasha
  3714 | D:4      | Killed Natasha
  3927 | D:5      | Entered Level 5 of the Dungeon
  3934 | D:5      | Reached skill level 5 in Fighting
  4074 | D:5      | Noticed Duvessa
  4074 | D:5      | Noticed Dowan
  4386 | D:6      | Found a staircase to the Ecumenical Temple.
  4505 | D:6      | Found a glowing drain.
  4582 | Sewer    | Entered a sewer
  4736 | Sewer    | Found an ancient bone altar of Kikubaaqudgha.
  4919 | Sewer    | Reached XP level 8. HP: 64/69 MP: 7/7
  5156 | Temple   | Entered the Ecumenical Temple
  5689 | D:6      | HP: 2/70 [something (9)]
  5691 | D:6      | Killed an unseen horror
  5692 | D:6      | Reached skill level 1 in Stealth
  6162 | D:6      | Found a white marble altar of Elyvilon.
  6172 | D:6      | Reached XP level 9. HP: 75/75 MP: 8/8
  6272 | D:6      | Found a runed translucent gate.
  6272 | D:6      | Found a runed translucent gate.
  6272 | D:6      | Found a runed translucent gate.
  6272 | D:6      | Noticed Beaer's ghost (novice DsFi)
  6274 | D:6      | Found a basalt altar of Yredelemnul.
  6474 | D:7      | Noticed Maggie
  6721 | D:7      | Noticed a green ugly thing
  6722 | D:7      | Noticed a centaur warrior
  6723 | D:7      | Found a runed translucent door.
  6723 | D:7      | Found a runed translucent door.
  6795 | D:8      | Killed Maggie
  7161 | D:8      | Found a burning altar of Makhleb.
  7269 | D:8      | Found an ornate altar of the Wu Jian Council.
  7619 | D:8      | Found a sparkling altar of Nemelex Xobeh.
  7648 | D:8      | Identified the +1 rapier of the Asp {flame, Str+2}
  7701 | D:8      | Killed an unseen horror
  7702 | D:8      | Reached skill level 10 in Long Blades
  7702 | D:8      | Reached skill level 10 in Armour
  8062 | D:9      | Noticed an elephant
  8062 | D:9      | Found a staircase to the Lair.
  8077 | D:8      | Killed an elephant
  8078 | D:8      | Reached XP level 10. HP: 51/86 MP: 9/9
  8531 | D:9      | Noticed Erica
  8550 | D:9      | Killed Erica
  8551 | D:9      | Found Ceaman's Magic Scroll Shoppe.
  8570 | D:9      | Bought a scroll of magic mapping for 97 gold pieces
  8570 | D:9      | Bought a scroll of noise for 13 gold pieces
  8570 | D:9      | Bought a scroll of teleportation for 39 gold pieces
  8581 | D:9      | Bought a scroll of identify for 26 gold pieces
  8581 | D:9      | Bought a scroll of identify for 26 gold pieces
  8631 | D:9      | HP: 1/86 [acid dragon/splash of acid (28)]
  8992 | D:9      | Noticed Erolcha
  8999 | D:9      | Killed Erolcha
  9397 | D:9      | Noticed Harold
  9403 | D:9      | Killed Harold
  9540 | D:10     | Entered Level 10 of the Dungeon
  9604 | D:10     | Found a portal to a secret trove of treasure.
 10013 | D:9      | Reached XP level 11. HP: 59/93 MP: 10/10
 10240 | D:10     | Found an iron altar of Okawaru.
 10253 | D:10     | Became a worshipper of Warmaster Okawaru
 10633 | D:10     | Found a snail-covered altar of Cheibriados.
 11468 | D:7      | Found Jeahuich's Weapon Shop.
 11513 | D:7      | Found a runed translucent door.
 11690 | D:7      | Found an opulent altar of Gozag.
 11765 | D:7      | Found an ancient bone altar of Kikubaaqudgha.
 11939 | Lair:1   | Entered Level 1 of the Lair of Beasts
 11946 | Lair:1   | Identified the +9 flail of the Known World {elec, rN+ Will+
                  | Int-5 Dex+5}
 11950 | Lair:1   | Noticed a four-headed hydra
 11969 | Lair:1   | Killed a one-headed hydra
 11969 | Lair:1   | Reached * piety under Okawaru
 12381 | Lair:1   | HP: 3/97 [yak[a torpor snail] (12)]
 12388 | Lair:1   | Reached ** piety under Okawaru
 12421 | Lair:1   | Slain by a cane toad

Illustrated notes

Levels and vault maps discovered:
D:1:      tarquinn_simple_flora_water_e, layout_rooms
D:2:      layout_basic, basic_altar, uniq_terence
D:3:      layout_basic, mainiacjoe_overflow_tiny_flanked,
          nicolae_overflow_hidden_temple, uniq_grinder
D:4:      layout_basic, nicolae_shop_clearance, uniq_natasha
D:5:      layout_layer_cave, nicolae_uskayaw_dance_hall, uniq_duvessa
D:6:      layout_cave_pools, nicolae_yredelemnul_ghost_church,
          mainiacjoe_overflow_24_doors, minmay_temple_entry_statues_fountains,
          portal_sewer_entry_d, roderic_lattice_a, kennysheep_generic_room_11
D:7:      minmay_the_grid_triangle_9x9_rhombus_full
          [minmay_the_grid_triangle_9x9_flanged_cone,
          minmay_the_grid_triangle_9x9_negative_grid,
          minmay_the_grid_triangle_9x9_fully_insulated_deathbox,
          minmay_the_grid_triangle_9x9_corruption,
          minmay_the_grid_triangle_9x9_dagger,
          minmay_the_grid_triangle_9x9_checkered,
          minmay_the_grid_triangle_9x9_pentomino_pain,
          minmay_the_grid_triangle_9x9_prize_insulated], layout_basic,
          lemuel_crystal_altar, nicolae_gozag_cash_rules_everything_around_me,
          serial_shops, shop_fountains, uniq_maggie
D:8:      layout_loops_ring, makhleb_blood_cavern_becter,
          nicolae_wu_jian_immortal_techniques, nemelex_spade_bored_becter
D:9:      layout_long_grid, david_lair_generic, serial_shops,
          nicolae_shop_temple_entry_statues_fountains, uniq_erolcha, uniq_erica,
          uniq_harold
D:10:     layout_basic, mainiacjoe_overflow_chevrons,
          hellmonk_okawaru_the_only_friend_you_need, nicolae_trove_entry_columns
Temple:   hellmonk_temple_flake
Lair:1:   layout_gridlike, nzn_random_ring, grunt_megastairs_1

Skill      XL: |  1  2  3  4  5  6  7  8  9 10 11 |
---------------+----------------------------------+-----
Fighting       | 4 5 6 7 8 9 |  9.8
Shields        | 4 5 6 7 8 |  8.3
Armour         | 4 5 6 8 10 12 13 | 13.2
Long Blades    | 3 4 5 7 8 10 12 13 | 13.8
Dodging        | 1 2 3 |  3.4
Stealth        | 1 |  1.1
Invocations    | |  0.2
Evocations     | |  0.1

Action                     |  1- 3 |  4- 6 |  7- 9 | 10-12 || total
---------------------------+-------+-------+-------+-------++-------
  Melee: Long sword        |    82 |   160 |   260 |       ||   502
         Headbutt          |    11 |    17 |    65 |    74 ||   167
         Scimitar          |       |       |    70 |   347 ||   417
 Invoke: Heroism           |       |       |       |     3 ||     3
  Evoke: Lightning rod     |       |       |       |     1 ||     1
    Use: Scroll            |     3 |     4 |     9 |     3 ||    19
         Potion            |     1 |     1 |     2 |     4 ||     8
 Armour: Scale mail        |    49 |    82 |    45 |       ||   176
         Plate armour      |       |       |   193 |   158 ||   351
  Dodge: Dodged            |    57 |    81 |   177 |   145 ||   460
  Block: Buckler           |    34 |    51 |    98 |    90 ||   273
